Map: Rhoskallian LE

Players

fInch

  • Race: Zerg Zerg
  • Spawn Location: 11:00

VeGeTa

  • Race: Zerg Zerg
  • Spawn Location: 12:00

qqq - Winner!

  • Race: Zerg Zerg
  • Spawn Location: 6:00

Massa - Winner!

  • Race: Terran Terran
  • League: Platinum
  • Spawn Location: 5:00

VOD

Have the link to the VOD?

Description

Time

  • Played on: Oct. 6, 2020, 3:33 p.m.
  • Length: 17:21
Show
View Real Time Build Order
Export as new Build Order

fInch Zerg 

Build Orders: Hatch First 

Get SALT Encoding   

  12  0:00  Drone  
  13  0:12  Overlord  
  13  0:20  Drone  
  14  0:32  Drone x2  
  16  0:56  Drone, Hatchery  
  16  1:01  Drone  
  16  1:03  Drone  
  18  1:15  Extractor  
  17  1:21  Spawning Pool  
  16  1:29  Drone x2  
  18  1:41  Drone x2  
  19  1:55  Overlord  
  19  2:09  Zergling x4  
  19  2:11  Queen  
  19  2:12  Queen  
  25  2:19  Metabolic Boost  
  26  2:22  Zergling x2  
  26  2:33  Zergling x6  
  29  2:39  Zergling x2  
  30  2:46  Baneling Nest  
  30  2:50  Zergling x4  
  28  3:01  Zergling x4  
  30  3:08  Overlord  
  30  3:10  Zergling x2  
  31  3:36  Drone x6  
  37  3:46  Overlord  
  37  3:47  Drone x3  
  40  4:09  Hatchery  
  39  4:10  Drone, Overlord  
  39  4:12  Drone  
  41  4:21  Baneling x5  
  41  4:27  Baneling  
  42  4:31  Zergling x2  
  42  4:32  Zergling x12  
  44  5:02  Drone x4  
  44  5:03  Overlord x2  
  39  5:15  Roach Warren  
  39  5:18  Zergling x2  
  39  5:19  Zergling x10  
  41  5:24  Drone x2  
  43  5:29  Drone  
  43  5:32  Queen  
  46  5:40  Extractor  
  46  5:42  Drone x3  
  48  5:44  Lair  
  48  5:49  Drone x7  
  55  5:53  Baneling x2  
  55  6:12  Extractor  
  55  6:13  Drone x3  
  55  6:16  Drone x3  
  60  6:20  Drone x5  
  65  6:26  Roach x3  
  71  6:38  Roach x2  
  75  6:40  Overlord x2  
  75  6:42  Drone x2  
  77  6:53  Evolution Chamber  
  71  6:57  Roach x2  
  71  6:58  Roach x2  
  79  7:06  Overlord x2  
  79  7:08  Extractor  
  79  7:11  Drone x2  
  79  7:12  Drone  
  79  7:14  Drone x2, Extractor  
  79  7:15  Drone x2  
  84  7:18  Roach x4  
  80  7:41  Drone x3  
  80  7:42  Drone x2  
  85  7:44  Zerg Melee Weapons Level 1  
  85  7:50  Hydralisk Den  
  83  7:55  Drone x2  
  83  7:57  Evolution Chamber  
  82  8:23  Grooved Spines  
  82  8:25  Zerg Ground Armor Level 1  
  82  8:26  Centrifical Hooks  
  82  8:28  Hatchery, Overlord x3  
  81  8:35  Drone  
  81  8:37  Hatchery  
  81  8:41  Zergling x16  
  82  8:42  Zergling x10  
  82  8:45  Spore Crawler  
  82  8:46  Hydralisk  
  93  8:52  Overseer  
  93  8:55  Spore Crawler  
  87  8:56  Spore Crawler  
  87  8:57  Spore Crawler  
  87  8:59  Hydralisk x3  
  87  9:01  Spore Crawler  
  87  9:03  Spore Crawler  
  87  9:06  Spore Crawler  
  87  9:08  Spore Crawler  
  87  9:09  Spore Crawler  
  82  9:10  Spore Crawler x2  
  82  9:14  Hydralisk x4  
  82  9:15  Hydralisk x4  
  93  9:26  Drone x2  
  93  9:27  Drone, Queen  
  88  9:39  Hydralisk x5  
  91  9:47  Muscular Augments  
  91  9:48  Zerg Missile Weapons Level 1  
  79  9:55  Spore Crawler  
  79  9:56  Drone  
  79  9:57  Drone, Spore Crawler  
  79  9:58  Overseer  
  76  10:18  Drone x3  
  76  10:19  Drone x3  
  82  10:24  Zergling x12  
  88  10:42  Zerg Ground Armor Level 2  
  88  10:46  Baneling x6  
  88  10:47  Hydralisk x2  
  92  10:53  Drone x3  
  92  10:54  Queen  
  97  11:05  Hatchery  
  96  11:15  Drone  
  96  11:18  Extractor  
  96  11:19  Drone x3  
  96  11:25  Drone x3  
  102  11:26  Hydralisk, Spore Crawler  
  102  11:27  Hydralisk x5  
  102  11:28  Spore Crawler  
  112  11:38  Spore Crawler  
  112  11:39  Spore Crawler x2  
  109  11:40  Spore Crawler  
  109  11:41  Drone, Spore Crawler  
  109  11:42  Drone  
  109  11:43  Drone  
  109  11:45  Drone  
  105  12:12  Zergling x2  
  105  12:13  Zergling x22  
  117  12:21  Hatchery  
  116  12:28  Drone  
  116  12:29  Drone  
  112  12:39  Hydralisk x2  
  112  12:40  Hydralisk x2  
  120  12:49  Hatchery  
  117  12:52  Baneling  
  117  12:53  Baneling x12, Hydralisk  
  117  12:54  Hydralisk x4  
  117  13:11  Lurker Den  
  117  13:12  Zerg Missile Weapons Level 2  
  116  13:13  Zerg Melee Weapons Level 2  
  114  13:24  Hydralisk x4  
  121  13:34  Zergling x2  
  121  13:35  Zergling x20  
  132  13:50  Spore Crawler  
  132  13:51  Spore Crawler x2  
  132  13:52  Hydralisk x2  
  132  13:53  Hydralisk  
  132  13:55  Spore Crawler  
  133  14:05  Baneling x3  
  133  14:06  Baneling x2  
  133  14:08  Drone x7  
  117  14:33  Hydralisk  
  117  14:34  Hydralisk x7  
  117  14:57  Hydralisk  
  117  14:58  Hydralisk x9  
  131  15:10  Spore Crawler x2  
  123  15:20  Hydralisk  
  123  15:21  Hydralisk x6  
  105  15:31  Queen  
  105  15:35  Hydralisk x3  
  97  15:56  Hydralisk x2  
  97  15:57  Hydralisk x6  
  99  16:06  Zergling x10  
  99  16:07  Zergling x2  
  101  16:16  Zergling x10  
  63  16:54  Hydralisk  
  63  16:55  Hydralisk x7  
Show
View Real Time Build Order
Export as new Build Order

VeGeTa Zerg 

Build Orders: Hatch First, Zergling Baneling 

Get SALT Encoding   

  12  0:08  Overlord  
  12  0:21  Drone x2  
  14  0:29  Drone  
  14  0:32  Drone  
  16  0:53  Hatchery  
  15  0:58  Drone  
  15  0:59  Drone  
  17  1:04  Drone  
  18  1:19  Spawning Pool  
  17  1:41  Drone  
  17  1:43  Extractor  
  17  1:53  Drone  
  18  1:54  Overlord  
  18  2:02  Drone  
  19  2:11  Drone  
  19  2:12  Queen  
  19  2:14  Queen  
  24  2:28  Zergling x4  
  24  2:29  Zergling x6  
  29  2:37  Overlord  
  29  2:57  Metabolic Boost  
  29  3:03  Drone x5  
  34  3:11  Baneling Nest  
  34  3:12  Drone  
  34  3:29  Extractor  
  33  3:35  Overlord  
  33  3:36  Zergling x14  
  40  4:11  Zergling x20  
  50  4:19  Drone x2  
  52  4:24  Baneling x3  
  52  4:25  Baneling x5  
  52  4:31  Overlord  
  42  5:04  Zergling x2  
  42  5:05  Zergling x16  
  39  5:34  Roach Warren  
  37  6:02  Drone x2  
  37  6:03  Drone x8  
  37  6:04  Drone x3  
  50  6:27  Extractor x2  
  42  6:37  Roach x5  
  42  6:38  Roach  
  52  6:54  Roach x2  
  56  7:09  Drone x2  
  56  7:10  Drone  
  56  7:11  Drone  
  45  7:38  Drone x7  
  34  8:13  Drone x9  
  43  8:40  Drone x3  
  46  8:43  Drone  
  46  8:44  Drone x3  
  50  8:56  Spore Crawler  
  50  8:58  Spore Crawler  
  50  9:00  Spore Crawler  
  50  9:01  Spore Crawler  
  46  9:04  Spore Crawler  
  46  9:06  Spore Crawler  
  46  9:08  Lair  
  46  9:09  Drone x5  
  50  9:10  Drone x3  
  52  9:17  Spore Crawler  
  47  9:40  Drone x3  
  50  10:10  Hydralisk Den  
  49  10:28  Hatchery  
  49  10:35  Overlord x3  
  48  10:40  Hydralisk x5  
  48  10:41  Hydralisk  
  60  10:52  Overlord  
  60  10:53  Overlord x2  
  60  11:08  Hydralisk x11  
  60  11:09  Hydralisk  
  79  11:38  Spore Crawler  
  79  11:39  Spore Crawler  
  77  11:42  Drone x3  
  77  11:44  Drone x6  
  86  11:55  Infestation Pit  
  85  12:24  Centrifical Hooks  
  85  12:30  Evolution Chamber  
  85  12:33  Evolution Chamber  
  85  12:37  Evolution Chamber  
  71  12:53  Pathogen Glands  
  71  12:55  Infestor  
  71  12:56  Infestor x4  
  81  13:01  Roach x3  
  81  13:02  Roach x2  
  81  13:04  Overlord  
  86  13:48  Overlord x3  
  86  14:03  Overlord x2  
  86  14:04  Overlord x3  
  86  14:07  Queen  
  46  14:26  Hydralisk  
  46  14:27  Hydralisk x3  
  45  14:49  Infestor x4  
  38  15:24  Lair  
  34  15:41  Spawning Pool  
  29  16:01  Infestor x3  
  35  16:30  Hydralisk Den  
Show
View Real Time Build Order
Export as new Build Order

qqq Zerg - Winner!

Build Orders: Pool First, Zergling Baneling 

Get SALT Encoding   

  12  0:20  Spawning Pool  
  11  0:23  Drone  
  11  0:27  Drone  
  13  0:35  Overlord  
  13  0:41  Drone  
  14  0:51  Extractor  
  14  0:53  Drone  
  14  0:57  Drone  
  15  1:07  Queen  
  15  1:09  Zergling x2  
  18  1:19  Overlord  
  18  1:28  Zergling x2  
  20  1:40  Zergling x2  
  20  1:54  Zergling x2  
  21  2:07  Hatchery  
  21  2:08  Metabolic Boost  
  20  2:13  Zergling x2  
  21  2:17  Zergling x2  
  22  2:23  Zergling x2  
  22  2:28  Zergling x2  
  24  2:36  Drone  
  23  2:57  Drone x2  
  23  2:58  Drone, Baneling Nest  
  23  3:01  Zergling x4  
  26  3:12  Zergling x4  
  29  3:20  Drone  
  29  3:24  Queen  
  31  3:27  Zergling x2  
  31  3:30  Zergling x2  
  33  3:35  Zergling x2  
  33  3:36  Drone  
  35  3:42  Baneling x2  
  35  3:43  Baneling  
  35  3:45  Zergling x2  
  36  3:50  Overlord  
  36  4:04  Extractor, Drone  
  36  4:21  Drone x4  
  35  4:53  Zergling x6  
  35  4:55  Baneling x7  
  35  4:59  Zergling x12  
  42  5:07  Spine Crawler  
  40  5:17  Drone  
  40  5:18  Lair  
  40  5:23  Drone  
  40  5:25  Drone x2  
  43  5:29  Overlord  
  43  5:32  Overlord  
  43  5:33  Baneling  
  43  5:34  Baneling  
  43  5:55  Drone x3  
  46  6:00  Drone x3  
  46  6:01  Drone x3  
  46  6:03  Extractor  
  51  6:04  Extractor  
  51  6:08  Drone  
  51  6:09  Zergling x2  
  52  6:20  Spire  
  52  6:21  Drone  
  52  6:23  Drone  
  53  6:28  Spore Crawler  
  52  6:34  Zergling x2  
  52  6:35  Drone x3  
  52  6:36  Drone  
  57  6:45  Drone x2  
  59  6:49  Drone, Spore Crawler  
  57  7:03  Drone  
  57  7:04  Drone  
  57  7:05  Overlord  
  57  7:06  Overlord x2  
  57  7:07  Overlord  
  50  7:31  Drone x3  
  50  7:32  Mutalisk x3  
  55  7:38  Hatchery  
  54  7:45  Mutalisk x2  
  54  7:48  Zerg Flyer Weapons Level 1  
  54  7:51  Mutalisk  
  60  8:00  Mutalisk x2  
  64  8:07  Mutalisk x2  
  64  8:09  Mutalisk  
  70  8:24  Mutalisk  
  72  8:29  Mutalisk  
  72  8:31  Hatchery, Overlord  
  73  8:35  Mutalisk  
  75  9:00  Mutalisk x2  
  79  9:32  Mutalisk x4  
  79  9:34  Zergling x8  
  79  9:35  Drone x2, Zergling x6  
  79  9:36  Drone  
  97  9:54  Zerg Flyer Armor Level 1  
  97  9:55  Mutalisk  
  97  9:56  Drone  
  97  9:57  Drone x2  
  97  9:58  Queen  
  102  10:20  Zergling x6  
  102  10:21  Drone x2, Zergling x6  
  108  10:22  Zergling x4  
  112  10:30  Overlord x2  
  112  10:41  Overlord x2  
  112  10:47  Queen, Infestation Pit  
  113  10:50  Drone x2  
  113  10:51  Drone x2, Nydus Network  
  108  11:27  Mutalisk x5  
  108  11:28  Mutalisk x2  
  108  11:30  Drone x6  
  128  11:33  Zergling x6, Overlord x2  
  128  11:34  Zergling x4  
  128  11:36  Hive  
  133  11:44  Drone x2  
  120  12:12  Mutalisk x4  
  120  12:14  Drone  
  120  12:15  Drone x5  
  134  12:19  Extractor  
  134  12:20  Extractor  
  132  12:26  Queen  
  132  12:27  Drone  
  132  12:28  Drone  
  136  12:30  Extractor  
  136  12:31  Extractor  
  134  12:37  Hatchery  
  134  12:40  Drone x2  
  128  13:28  Greater Spire  
  128  13:31  Zergling x4  
  128  13:32  Zergling x16  
  128  13:33  Zergling x14  
  145  13:35  Drone  
  145  13:36  Drone x9  
  155  14:09  Nydus Canal  
  141  14:18  Mutalisk x5  
  141  14:19  Mutalisk x6  
  141  14:20  Hatchery  
  154  14:38  Mutalisk x2  
  150  14:41  Overlord x3  
  150  14:42  Overlord x3  
  131  15:03  Mutalisk x2  
  131  15:04  Mutalisk x4  
  143  15:12  Nydus Canal  
  134  15:38  Mutalisk x7  
  134  15:39  Mutalisk  
  134  15:40  Drone x2  
  152  15:44  Hatchery  
  152  15:45  Hatchery  
  130  15:58  Mutalisk x5  
  140  16:09  Mutalisk x2  
  144  16:18  Queen  
  144  16:19  Drone  
  144  16:20  Drone x2  
Show
View Real Time Build Order
Export as new Build Order

Massa Terran - Winner!

Build Orders:  

Get SALT Encoding   

  12  0:01  SCV  
  13  0:13  SCV  
  14  0:24  Supply Depot  
  14  0:25  SCV  
  15  0:32  Refinery  
  15  0:46  SCV, Barracks  
  16  0:58  SCV  
  17  1:10  SCV  
  18  1:22  SCV  
  19  1:34  SCV  
  21  1:54  Command Center  
  21  1:56  Supply Depot  
  21  1:58  Marine  
  21  2:01  Orbital Command  
  21  2:14  Factory  
  21  2:21  Supply Depot  
  21  2:31  SCV  
  21  2:34  Barracks Reactor  
  22  2:49  SCV  
  23  3:10  Command Center  
  23  3:17  Hellion  
  23  3:18  Hellion  
  27  3:24  Orbital Command  
  27  3:29  Marine  
  28  3:34  SCV  
  28  3:39  Hellion x2  
  33  3:46  SCV  
  33  3:47  Marine  
  35  3:49  SCV  
  36  3:58  SCV  
  36  4:00  Hellion  
  36  4:01  SCV  
  36  4:02  Hellion  
  42  4:07  Marine  
  43  4:10  SCV  
  43  4:13  Starport  
  43  4:15  SCV  
  45  4:23  SCV  
  46  4:24  Marine  
  46  4:28  SCV  
  48  4:32  Engineering Bay  
  48  4:35  Hellion  
  48  4:36  Hellion  
  52  4:42  Marine  
  53  4:53  SCV x2  
  53  4:54  SCV  
  54  5:04  Hellion  
  53  5:22  Supply Depot  
  53  5:25  Supply Depot  
  53  5:27  Supply Depot  
  53  5:29  Missile Turret  
  53  5:32  Missile Turret  
  53  5:34  Orbital Command  
  53  5:36  Starport Tech Lab  
  53  5:40  Refinery  
  53  5:44  SCV x2, Hellion x2  
  53  5:45  Terran Infantry Weapons Level 1  
  53  5:46  Barracks Tech Lab  
  59  5:56  SCV x2  
  61  6:01  SCV  
  62  6:05  Hellion  
  62  6:07  Factory  
  62  6:08  SCV x2, Stimpack  
  66  6:13  SCV  
  67  6:18  Banshee  
  67  6:20  SCV x2  
  72  6:38  Marauder  
  74  6:42  Hellion  
  76  6:49  Supply Depot  
  76  7:02  Supply Depot x2  
  76  7:04  Refinery, Supply Depot  
  76  7:06  Supply Depot  
  76  7:07  Supply Depot  
  76  7:08  Hellion  
  76  7:10  Marauder  
  76  7:11  Hellion  
  78  7:30  Hellion  
  78  7:32  Hellion  
  76  7:51  Hellion  
  76  7:54  Hellion  
  70  8:17  Hellion  
  70  8:18  Hellion  
  74  8:20  Viking  
  74  8:25  Terran Infantry Armor Level 1  
  76  8:27  Factory Tech Lab  
  76  8:31  Concussive Shells  
  76  8:36  Refinery  
  76  8:39  Hellion x2  
  80  8:41  SCV  
  80  8:42  SCV  
  82  8:50  Viking  
  82  8:54  SCV x2  
  86  9:00  Hellion  
  88  9:06  SCV x2  
  90  9:13  Combat Shield  
  90  9:18  SCV x2  
  92  9:27  Orbital Command  
  92  9:29  Marauder  
  92  9:30  SCV x2  
  89  9:51  Marauder  
  91  9:57  Hellion x2  
  95  10:05  SCV x3  
  98  10:17  SCV x3, Command Center  
  98  10:18  Hellion x2  
  98  10:19  Command Center  
  98  10:20  Marauder  
  107  10:22  Siege Tank  
  107  10:27  Command Center  
  110  10:29  SCV x3  
  113  10:41  SCV x3, Marauder  
  113  10:42  Barracks x3  
  118  10:48  Infernal Pre-Igniter  
  118  10:53  SCV x3  
  118  10:54  Siege Tank  
  124  10:58  Engineering Bay  
  124  11:01  Armory  
  124  11:05  Armory  
  124  11:09  Supply Depot  
  124  11:11  Supply Depot  
  124  11:12  Supply Depot x2  
  124  11:13  Supply Depot x2  
  124  11:29  Marauder, Viking  
  124  11:31  Orbital Command, Barracks  
  124  11:32  Missile Turret  
  128  11:34  Supply Depot  
  128  11:36  Supply Depot x2  
  128  11:37  Barracks, Missile Turret, Supply Depot  
  128  11:39  Barracks  
  128  11:40  Supply Depot  
  128  11:44  Barracks Tech Lab x2  
  128  11:53  Barracks Reactor  
  121  11:59  Viking  
  123  12:01  Supply Depot  
  123  12:02  Supply Depot  
  123  12:04  Supply Depot  
  123  12:10  Terran Infantry Armor Level 2, Terran Infantry Weapons Level 2  
  123  12:13  Terran Vehicle And Ship Armor Level 1  
  123  12:14  Terran Vehicle Weapons Level 1  
  119  12:28  Barracks x2  
  119  12:29  Viking  
  119  12:49  Siege Tank  
  119  12:51  Hellion x2  
  112  13:08  Planetary Fortress  
  112  13:11  Planetary Fortress  
  112  13:12  Hellion x2  
  116  13:21  Missile Turret, Siege Tank  
  116  13:23  Refinery, Missile Turret x2  
  116  13:25  Refinery  
  119  13:33  Barracks Reactor x2, Barracks Tech Lab x2  
  119  13:34  Barracks Tech Lab, Hellion x2  
  123  13:38  Marauder  
  123  13:39  Marauder x2, Marine x2  
  131  13:45  SCV x5  
  131  13:48  SCV  
  137  13:53  Siege Tank  
  137  13:55  Hellion x2  
  144  13:57  SCV x3, Marine x2  
  144  14:00  SCV, Marauder x3  
  156  14:12  SCV  
  156  14:15  Marine x2  
  159  14:21  Marauder x2, Marine  
  159  14:22  Marauder x4  
  161  14:25  Siege Tank  
  152  14:32  Hellion x2  
  152  14:33  Marine x2  
  158  14:43  Marauder x6  
  148  14:58  Siege Tank  
  143  15:04  Marauder x4  
  143  15:05  Marauder x2  
  148  15:30  Siege Tank  
  151  15:38  SCV  
  151  15:39  SCV x5  
  157  15:44  Sensor Tower  
  157  15:51  SCV x6  
  163  15:58  Marauder x5  
  163  15:59  Marauder, Marine x6  
  163  16:02  Siege Tank  
  163  16:03  SCV x6  
  190  16:16  Marine  
  190  16:17  Marine x5  
  196  16:19  Marauder  
  196  16:20  Marauder  
  198  16:34  Marine  
  198  16:35  Marine x2  
  196  16:41  Marauder x2  
Tags
 
Add a new tag
Caveats
  • Supply blocks, unpowered buildings, or Contaminate may cause inaccurate times.
  • Supply counts are checked every 10 seconds.